 Dungeon Crawl Stone Soup version 0.30-a0-737-gf23d94013f (webtiles) character file.

Game seed: 4260794353972877900

58 cowhearter the Insei (level 3, -2/29 HPs)
             Began as a Demonspawn Monk on Feb 2, 2023.
             Slain by a kobold brigand
             ... wielding a +0 dagger
              (4 damage)
             ... in a sewer.
             The game lasted 00:04:23 (1984 turns).

cowhearter the Insei (Demonspawn Monk)              Turns: 1984, Time: 00:04:24

Health: -2/29      AC:  4    Str: 11    XL:     3   Next: 76%
Magic:  3/3        EV: 13    Int: 11    God:
Gold:   120        SH:  4    Dex: 20    Spells: 2/2 levels left

rFire   . . .      SeeInvis .      - Unarmed
rCold   . . .      Faith    .    (no shield)
rNeg    . . .      Spirit   .    a - +0 robe
rPois   .          Reflect  .    (no helmet)
rElec   .          Harm     .    (no cloak)
rCorr   .          Rampage  .    (no gloves)
Will    .....                    p - +1 pair of boots of Deedar {Dex+3}
Stlth   ++                       (no amulet)
HPRegen 0.24/turn                (no ring)
MPRegen 0.08/turn                (no ring)

@: no status effects
A: condensation shield
a: no special abilities


You were in a sewer.
You visited 1 branch of the dungeon, and saw 3 of its levels.
You also visited: Sewer.

You collected 120 gold pieces.

Inventory:

Missiles
 g - 11 poisoned darts (quivered)
 k - 5 boomerangs
Armour
 a - a +0 robe (worn)
 p - the +1 pair of boots of Deedar (worn) {Dex+3}
   (You found it on level 3 of the Dungeon)

   Dex:       It affects your dexterity (+3).
Jewellery
 o - a ring of magical power
Scrolls
 e - 3 scrolls of identify {unknown}
 h - a scroll of noise {unknown}
 l - a scroll of immolation {unknown}
Potions
 b - 2 potions of ambrosia
 c - a potion of degeneration {unknown}
 d - a potion of flight {unknown}
 f - a potion of brilliance {unknown}
 i - a potion of heal wounds {unknown}
 j - a potion of resistance {unknown}
 m - 2 potions of invisibility {unknown}
 n - a potion of curing {unknown}


   Skills:
 * Level 3.3 Fighting
 + Level 3.0 Dodging
 + Level 2.0 Stealth
 + Level 0.1 Shields
 * Level 3.6 Unarmed Combat


You had 2 spell levels left.
You didn't know any spells.
Your spell library contained the following spells:

 Spells                   Type           Power      Damage    Failure   Level
 Blink                    Tloc           0%         N/A       47%         2
 Frozen Ramparts          Ice            0%         1d1       71%         3
 Ice Form                 Ice/Tmut       0%         N/A       98%         4
 Manifold Assault         Tloc           0%         N/A       98%         4
 Summon Ice Beast         Ice/Summ       0%         N/A       98%         4
 Storm Form               Tmut/Air       0%         N/A       100%        7


Dungeon Overview and Level Annotations

Branches:
Dungeon (3/15)              Sewer (1/1)

Altars:


Innate Abilities, Weirdness & Mutations

A meltable shield of frost defends you. (SH +4)


Message History

The kobold brigand hits you but does no damage.
You block the kobold brigand's attack.
You hit the kobold brigand.
The kobold brigand is moderately wounded.
You block the kobold's attack.
The kobold brigand hits you but does no damage.
The kobold brigand closely misses you.
You hit the kobold brigand but do no damage.
The kobold brigand is moderately wounded.
The kobold barely misses you.
The kobold brigand hits you with a +0 dagger.
The kobold brigand misses you.
You closely miss the kobold brigand.
The kobold brigand is moderately wounded.
The kobold hits you with a +0 club. The kobold brigand closely misses you.
The kobold brigand barely misses you.
You barely miss the kobold brigand.
The kobold brigand is moderately wounded.
The kobold misses you.
The kobold brigand hits you with a +0 dagger. x2
* * * LOW HITPOINT WARNING * * *
You closely miss the kobold. The kobold closely misses you.
The kobold brigand hits you with a +0 dagger.
* * * LOW HITPOINT WARNING * * *
The kobold brigand closely misses you.
You hit the kobold but do no damage. You hit the kobold but do no damage.
The kobold misses you.
The kobold brigand hits you with a +0 dagger.
* * * LOW HITPOINT WARNING * * *
The kobold brigand hits you but does no damage.
The kobold brigand attacks as you move away!
The kobold brigand closely misses you.
You hit the kobold brigand but do no damage.
The kobold brigand is moderately wounded.
The kobold hits you but does no damage. The kobold brigand barely misses you.
You hit the kobold brigand but do no damage.
The kobold brigand is moderately wounded.
You block the kobold's attack.
The kobold brigand hits you with a +0 dagger.
You die...

### ##### #.##.....
########........
#####.?).#P.........
#.∩.#.!..'..........
#.∩.#.∩!)KK.~~~~....
#...#....#@P~~P~....
###'########~~######
#≈~~~~~~~~~~~~~~~~~~
#≈≈~≈≈≈≈≈~≈≈≈≈≈~≈≈≈≈
#≈~~~~~~~~~~~~~~~~~~
#################~~~
~~P ~.


You could see a kobold brigand and a kobold.

Vanquished Creatures
  2 adders
  2 worms (D:2)
  A dart slug (D:1)
  An endoplasm (D:1)
  2 giant cockroaches
  4 goblins (D:1)
  2 hobgoblins (D:1)
  2 quokkas
  7 bats
  4 frilled lizards
  3 kobolds
  5 rats
35 creatures vanquished.

Notes
Turn   | Place    | Note
-------+----------+-------------------------------------------
     0 | D:1      | cowhearter the Demonspawn Monk began the quest for the Orb.
     0 | D:1      | Reached XP level 1. HP: 18/18 MP: 1/1
   216 | D:1      | Gained mutation: A meltable shield of frost defends you.
                  | (SH +4) [demonic ancestry]
   216 | D:1      | Reached XP level 2. HP: 23/24 MP: 2/2
  1166 | D:2      | Reached XP level 3. HP: 28/29 MP: 3/3
  1851 | D:3      | Identified the +1 pair of boots of Deedar {Dex+3}
  1939 | D:3      | Found a glowing drain.
  1948 | Sewer    | Entered a sewer
  1968 | Sewer    | Noticed a kobold brigand
  1968 | Sewer    | Noticed a kobold brigand
  1984 | Sewer    | Slain by a kobold brigand

Illustrated notes

Levels and vault maps discovered:
D:1:      dpeg_arrival_leaves_temple_mockup, layout_loops_ring,
          chequers_serial_rivers_small_3, supply_closet_lemuel
D:2:      minmay_door_path, layout_loops_ring
D:3:      layout_loops_ring, portal_sewer_entry_d, uniq_sigmund
Sewer:    kennysheep_pipe_town

Skill      XL: |  1  2  3 |
---------------+----------+-----
Stealth        | 2 |  2.0
Unarmed Combat | 3 |  3.6
Dodging        | 3 |  3.0
Fighting       | |  3.3
Shields        | |  0.1

Action                     || total
---------------------------++-------
  Melee: Unarmed           ||   167
         Punch             ||     8
   Stab: Sleeping          ||     7
 Armour: Robe              ||    33
  Dodge: Dodged            ||    97
  Block: Other             ||    23

Table legend: (Time is in decaauts)
 A = Elapsed time spent in this place.
 B = Non-inter-level travel time spent in this place.
 C = Inter-level travel time spent in this place.
 D = Time resting spent in this place.
 E = Time spent auto-exploring this place.
 F = Levels seen in this place.
 G = Mean time per level.
                   A        B        C        D        E       F      G
               +--------+--------+--------+--------+--------+-----+--------+
         Total |   1987 |   1903 |     84 |    104 |   1274 |   4 |  496.8 |
       Dungeon |   1945 |   1861 |     84 |    104 |   1259 |   3 |  648.3 |
         Sewer |     41 |     41 |      0 |      0 |     15 |   1 |   41.0 |
               +--------+--------+--------+--------+--------+-----+--------+

Top non-repeatable levels by time:
     D:2: 922 daAuts
     D:1: 903 daAuts
     D:3: 120 daAuts
   Sewer: 41 daAuts
